Map: 永恒梦境-天梯版

Players

TIME (Oliveira) - Winner!

  • Race: Terran Terran

Silky

  • Race: Zerg Zerg
  • League: Master

Event: DreamHack SC2 Masters 2020 Summer China

VOD

Have the link to the VOD?

Description

Time

  • Played on: July 3, 2020, 7:16 a.m.
  • Length: 12:37

All games in this series

Show
View Real Time Build Order
Export as new Build Order

TIME Terran - Winner!

Build Orders: Reaper Expand 

Get SALT Encoding   

  12  0:00  SCV  
  13  0:12  SCV  
  14  0:17  Supply Depot  
  14  0:25  SCV  
  15  0:39  SCV  
  15  0:40  Barracks  
  16  0:43  Refinery  
  16  0:51  SCV  
  17  1:03  SCV  
  18  1:15  SCV  
  19  1:27  Reaper  
  19  1:28  Orbital Command  
  20  1:40  Command Center  
  20  1:50  Barracks  
  20  1:53  SCV  
  21  2:00  Barracks Reactor  
  21  2:05  SCV  
  22  2:08  Supply Depot  
  22  2:13  Refinery  
  22  2:17  SCV  
  23  2:25  Factory  
  23  2:30  SCV  
  23  2:36  Marine  
  23  2:37  Marine  
  25  2:38  Barracks Tech Lab  
  25  2:42  SCV  
  27  2:52  Orbital Command  
  27  2:54  Marine x2  
  27  2:56  Stimpack  
  29  2:59  SCV  
  29  3:01  Marine  
  31  3:11  SCV  
  32  3:12  Starport  
  32  3:13  Marine  
  32  3:16  Marine  
  32  3:19  SCV  
  35  3:23  SCV  
  35  3:24  Factory Reactor  
  36  3:28  Supply Depot  
  36  3:31  SCV  
  36  3:33  Marine  
  38  3:34  Marine  
  38  3:36  SCV  
  38  3:40  Marine  
  41  3:43  SCV  
  42  3:48  SCV  
  42  3:51  Marine  
  42  3:52  Marine  
  42  3:53  Supply Depot  
  42  3:55  SCV  
  46  3:58  Marine  
  46  4:00  SCV  
  48  4:04  Medivac x2  
  48  4:09  Marine, SCV  
  54  4:10  Supply Depot  
  54  4:14  Marine, SCV  
  54  4:16  Marine, Factory Tech Lab  
  57  4:21  Engineering Bay  
  57  4:25  SCV  
  57  4:27  Marine, SCV  
  57  4:30  Engineering Bay  
  60  4:32  Marine  
  60  4:33  Marine  
  60  4:37  Supply Depot  
  62  4:43  SCV  
  62  4:45  Marine, SCV  
  68  4:48  Terran Infantry Weapons Level 1  
  68  4:50  Combat Shield, Marine  
  68  4:51  Marine  
  67  5:00  Supply Depot  
  67  5:02  Terran Infantry Armor Level 1, SCV  
  67  5:03  Marine  
  64  5:08  Marine  
  64  5:10  Marine  
  64  5:12  SCV  
  63  5:18  Command Center  
  63  5:20  Marine  
  63  5:21  SCV  
  65  5:25  Marine  
  65  5:26  Refinery, SCV  
  65  5:27  Refinery  
  65  5:28  Marine  
  68  5:29  Medivac  
  68  5:34  Medivac  
  72  5:38  Marine  
  72  5:40  SCV  
  72  5:42  SCV  
  75  5:43  Marine  
  75  5:46  Marine  
  77  5:53  SCV  
  77  5:56  Siege Tank, Marine  
  82  5:58  SCV  
  82  6:00  Barracks  
  82  6:01  Marine  
  82  6:03  Barracks  
  84  6:04  Marine  
  84  6:05  SCV, Barracks  
  86  6:11  Supply Depot  
  86  6:15  Supply Depot  
  86  6:18  Armory  
  86  6:29  Marine x3, SCV x2  
  92  6:34  Orbital Command  
  92  6:35  Siege Tank  
  94  6:40  Supply Depot  
  94  6:41  SCV  
  94  6:47  Marine x3, SCV  
  93  6:53  SCV  
  91  6:56  Barracks Reactor  
  91  6:57  Barracks Reactor  
  91  6:59  SCV  
  86  7:04  Marine  
  86  7:05  SCV  
  86  7:06  Terran Infantry Weapons Level 2, Medivac x2  
  88  7:09  SCV  
  88  7:11  SCV  
  88  7:12  Orbital Command  
  88  7:14  Marine x2  
  85  7:15  Barracks Reactor  
  85  7:18  Siege Tank  
  85  7:19  SCV  
  85  7:22  Marine  
  85  7:32  Marine, SCV  
  85  7:33  Marine x4  
  91  7:38  SCV x2  
  91  7:40  Marine x2  
  95  7:44  SCV  
  95  7:47  Terran Infantry Armor Level 2  
  95  7:49  Supply Depot  
  95  7:50  Marine, Barracks x2  
  95  7:51  Marine  
  98  7:52  Barracks  
  98  7:53  Marine  
  98  7:54  Marine  
  98  7:56  Marine  
  98  7:58  Marine x2  
  102  8:01  Marine  
  102  8:04  Concussive Shells, Widow Mine x2  
  109  8:05  SCV x2  
  109  8:08  Supply Depot  
  109  8:09  Marine x2  
  109  8:10  Medivac  
  109  8:11  Medivac  
  109  8:12  Supply Depot  
  116  8:14  Marine x2  
  116  8:16  Marauder  
  116  8:17  Refinery  
  116  8:18  Marine x2  
  122  8:20  Marine  
  122  8:26  Marine x2  
  124  8:30  Widow Mine x2  
  124  8:31  SCV x2  
  124  8:32  Marine x2  
  129  8:34  Supply Depot  
  129  8:35  Marine  
  129  8:36  Marine  
  129  8:38  Marauder  
  129  8:42  Marauder  
  129  8:45  Medivac x2  
  138  8:53  Barracks Reactor  
  138  8:54  Barracks Reactor  
  134  8:55  Marine, Barracks Tech Lab  
  134  8:56  Marine x2  
  134  8:57  Marine  
  134  8:59  Command Center  
  134  9:00  Marine x2  
  134  9:01  Widow Mine  
  134  9:02  Widow Mine  
  143  9:04  Marine  
  143  9:05  Supply Depot  
  143  9:08  Sensor Tower  
  144  9:20  Marine x3  
  144  9:21  Marauder  
  144  9:22  Medivac x2  
  144  9:23  Widow Mine x2  
  149  9:26  Marine  
  149  9:27  Marine x2  
  149  9:29  Terran Infantry Weapons Level 3  
  150  9:34  Marine x2, SCV  
  150  9:41  Marine  
  150  9:42  Marine  
  150  9:44  Marine  
  151  9:46  Marine x2  
  151  9:50  Marine  
  151  9:52  Marine x2  
  154  9:53  Marauder  
  154  9:58  Marine x2  
  157  10:00  Widow Mine x2, Medivac x2  
  157  10:05  Marine  
  163  10:08  Marine  
  155  10:14  Marine  
  155  10:19  Marine  
  155  10:21  Marine  
  150  10:22  Widow Mine  
  150  10:27  Marine x2  
  150  10:29  Marine x2  
  150  10:30  Marine x3, Medivac x2  
  150  10:32  Planetary Fortress  
  150  10:35  Marine x2  
  159  10:37  Widow Mine  
  161  10:51  Marauder  
  161  10:54  Marauder x2, Marine x3  
  161  10:55  Marine x4  
  161  10:56  Widow Mine  
  171  11:00  Medivac x2  
  175  11:07  Marine x3  
  175  11:11  Command Center  
  172  11:13  Marauder  
  172  11:15  Marine, SCV  
  172  11:16  Marauder  
  172  11:18  Marine x2  
  179  11:28  Marine x3  
  179  11:30  Widow Mine  
  177  11:32  Marine  
  177  11:33  Marine  
  177  11:34  Marauder, Marine  
  177  11:35  Marine  
  180  11:42  Marauder  
  180  11:43  Supply Depot  
  180  11:44  Supply Depot  
  180  11:46  Supply Depot  
  180  11:56  Marine  
  180  11:58  Marine  
  166  12:03  Marine x2  
  166  12:04  Marine x3  
  166  12:06  Marine  
  166  12:07  Marauder  
  152  12:11  Marauder, Marine x3  
  155  12:15  Marine  
  155  12:16  Marine  
  160  12:24  Factory  
Show
View Real Time Build Order
Export as new Build Order

Silky Zerg 

Build Orders: Hatch First 

Get SALT Encoding   

  12  0:00  Drone  
  13  0:12  Overlord  
  13  0:17  Drone  
  14  0:31  Drone  
  14  0:32  Drone  
  16  0:49  Hatchery  
  15  0:52  Drone  
  15  0:56  Drone  
  17  0:58  Drone  
  18  1:06  Extractor  
  17  1:13  Spawning Pool  
  17  1:16  Drone  
  17  1:19  Drone  
  18  1:28  Drone  
  19  1:39  Drone  
  20  1:49  Drone  
  21  2:00  Queen x2  
  25  2:02  Zergling x4  
  25  2:07  Metabolic Boost  
  27  2:11  Overlord  
  27  2:14  Drone  
  28  2:29  Drone  
  29  2:30  Drone  
  29  2:33  Drone x2  
  29  2:36  Queen x2  
  36  2:43  Overlord  
  36  2:46  Overlord  
  36  3:02  Drone x2  
  36  3:05  Drone  
  39  3:07  Drone  
  39  3:09  Drone x2  
  39  3:11  Zergling x8  
  46  3:21  Drone  
  46  3:22  Drone  
  46  3:25  Hatchery  
  47  3:27  Drone  
  48  3:35  Drone  
  48  3:41  Overlord  
  49  3:42  Queen  
  49  3:45  Overlord  
  51  3:49  Drone  
  51  3:51  Overlord  
  52  3:58  Queen  
  52  4:02  Evolution Chamber  
  53  4:03  Evolution Chamber, Drone x2  
  53  4:05  Drone  
  53  4:06  Drone x2  
  53  4:08  Drone  
  58  4:17  Zergling x2  
  58  4:18  Zergling x10  
  58  4:19  Drone  
  65  4:29  Drone x2  
  67  4:32  Zerg Ground Armor Level 1  
  67  4:33  Zerg Melee Weapons Level 1  
  67  4:37  Drone  
  68  4:40  Queen  
  68  4:42  Queen  
  68  4:43  Overlord  
  68  4:45  Drone  
  73  4:48  Drone  
  74  4:53  Overlord  
  74  4:54  Overlord  
  71  5:09  Zergling x10  
  71  5:12  Drone x5  
  77  5:14  Lair  
  77  5:15  Overlord  
  77  5:19  Drone x2  
  79  5:23  Spore Crawler  
  79  5:27  Baneling Nest  
  77  5:28  Drone  
  77  5:30  Drone x2  
  77  5:31  Hatchery  
  77  5:32  Extractor  
  78  5:35  Drone  
  78  5:36  Drone x2  
  79  5:50  Zergling x16  
  79  5:53  Hatchery  
  79  5:55  Zergling x8  
  90  6:03  Drone x3  
  93  6:07  Extractor  
  92  6:12  Zergling x6  
  92  6:16  Centrifical Hooks  
  92  6:17  Overlord  
  95  6:25  Zergling x4  
  96  6:27  Baneling x2, Hatchery  
  96  6:28  Overlord  
  96  6:29  Overlord  
  96  6:36  Baneling, Overlord  
  96  6:37  Zergling x4  
  90  6:47  Zergling x6  
  90  6:48  Zergling x12  
  82  6:55  Zergling x2  
  82  6:56  Zergling x2  
  79  7:03  Queen x2  
  79  7:05  Zergling x16  
  80  7:11  Queen x2  
  76  7:16  Drone x7  
  76  7:19  Zerg Ground Armor Level 2, Extractor  
  76  7:21  Zergling x2  
  83  7:22  Drone  
  83  7:23  Drone x3  
  83  7:25  Zergling x2  
  88  7:31  Drone x2  
  88  7:34  Unknown, Queen  
  91  7:38  Zergling x4  
  91  7:40  Baneling  
  91  7:41  Baneling x3  
  93  7:45  Zergling x16  
  101  7:54  Zerg Melee Weapons Level 2  
  101  7:57  Zergling x10  
  106  8:00  Baneling x2  
  106  8:02  Zergling x4  
  108  8:10  Zergling x2  
  108  8:11  Zergling x6  
  112  8:16  Zergling x12  
  112  8:19  Hatchery  
  117  8:21  Hatchery, Zergling x2  
  117  8:22  Overlord  
  117  8:23  Overlord x2  
  115  8:28  Zergling x2  
  115  8:29  Zergling x8  
  115  8:33  Baneling x6  
  119  8:35  Zergling x2  
  119  8:36  Zergling x6  
  123  8:42  Zergling x2  
  123  8:43  Zergling x10  
  123  8:48  Zergling x10  
  129  8:56  Zergling x10  
  129  9:00  Baneling x11  
  135  9:02  Zergling x2  
  135  9:03  Zergling x4  
  135  9:05  Baneling x2  
  135  9:06  Baneling x4, Zergling x2  
  135  9:08  Overseer  
  135  9:09  Overseer  
  138  9:14  Zergling x8  
  141  9:21  Zergling x2  
  141  9:22  Zergling x6  
  129  9:26  Zergling x4  
  129  9:27  Baneling x17  
  129  9:29  Zergling x4  
  133  9:33  Drone  
  133  9:34  Drone x3  
  133  9:36  Drone x3  
  136  9:46  Extractor, Spire  
  133  9:53  Drone x4  
  133  9:55  Zergling x16  
  141  10:02  Zergling x2  
  141  10:03  Zergling x12  
  145  10:07  Drone x3  
  145  10:13  Overlord x3  
  147  10:17  Overlord  
  141  10:28  Overlord x2  
  140  10:30  Drone x2  
  140  10:31  Drone x4  
  140  10:32  Overseer  
  141  10:36  Overlord  
  141  10:38  Zergling x16  
  141  10:42  Drone x2  
  134  10:51  Zergling x2  
  134  10:52  Zergling x20  
  130  11:07  Mutalisk x8  
  130  11:09  Zergling x2  
  142  11:16  Mutalisk x2  
  144  11:19  Baneling x7  
  121  11:35  Mutalisk x3  
  121  11:37  Zergling x16  
  129  11:48  Baneling x5  
  129  11:54  Zergling x8  
  130  11:56  Zergling x4  
  130  11:59  Hatchery  
  119  12:06  Zergling x16  
  101  12:08  Zergling x4  
  97  12:20  Zergling x16  
Tags
 
Add a new tag
Caveats
  • Supply blocks, unpowered buildings, or Contaminate may cause inaccurate times.
  • Supply counts are checked every 10 seconds.